 Dungeon Crawl Stone Soup version 0.25-a0-353-ged6d54792d (webtiles) character file.

Game seed: 17550141356171491662, levelgen mode: deterministic

354 CloudEater the Digger (level 6, 0/32 HPs)
             Began as a Gargoyle Earth Elementalist on Jan 2, 2020.
             Killed from afar by an orc wizard (8 damage)
             ... with a magic dart
             ... on level 3 of the Dungeon.
             The game lasted 00:12:57 (3147 turns).

CloudEater the Digger (Gargoyle Earth Elementalist) Turns: 3147, Time: 00:12:57

Health: 0/32       AC:  7    Str: 17    XL:     6   Next: 63%
Magic:  0/12       EV: 12    Int: 17    God:
Gold:   94         SH:  5    Dex: 10    Spells: 4/13 levels left

rFire    . . .     SeeInvis .   j - +1 broad axe (flame)
rCold    . . .     Gourm    .   (no shield)
rNeg     + . .     Faith    .   c - +0 robe
rPois    ∞         Spirit   .   (no helmet)
rElec    +         Reflect  +   (no cloak)
rCorr    .         Harm     .   f - +0 pair of gloves
MR       .....                  (no boots)
Stlth    ++........             a - +5 amulet of reflection
HPRegen  0.10/turn              (no ring)
MPRegen  0.13/turn              (no ring)

@: mighty
A: negative energy resistance 1, electricity resistance, unbreathing,
petrification resistance, rot immunity, AC +4
a: no special abilities


You were on level 3 of the Dungeon.
You were not hungry.

You visited 1 branch of the dungeon, and saw 4 of its levels.

You collected 94 gold pieces.

Inventory:

Hand Weapons
 j - a +1 broad axe of flaming (weapon)
 m - a +1 club
 n - a +0 mace
Missiles
 b - 37 stones (quivered)
Armour
 c - a +0 robe (worn)
 f - a +0 pair of gloves (worn)
Jewellery
 a - a +5 amulet of reflection (around neck)
 q - an uncursed ring of ice
Scrolls
 g - a scroll of identify
Potions
 e - a potion of might
 h - a potion of heal wounds {unknown}
 i - a potion of cancellation {unknown}
 p - a potion of haste {unknown}
 r - a potion of ambrosia {unknown}
 s - a potion of brilliance {unknown}
 t - 2 potions of agility
Comestibles
 d - 5 rations
 l - 6 chunks of flesh


   Skills:
 - Level 1.5 Dodging
 - Level 2.1 Stealth
 + Level 4.0 Spellcasting
 + Level 3.3 Conjurations
   Level 0.7 Transmutations
 + Level 6.0 Earth Magic


You had 4 spell levels left.
You knew the following spells:

 Your Spells              Type           Power        Failure   Level  Hunger
a - Sandblast             Erth           ###...       1%          1    None
b - Stone Arrow           Conj/Erth      ###...       7%          3    ###....
c - Lee's Rapid Deconstr  Erth           ###.......   36%         5    ######.

Your spell library contained the following spells:

 Spells                   Type           Power        Failure   Level  Hunger
 Passwall                 Tmut/Erth      ##......     6%          2    ##.....
 Petrify                  Tmut/Erth      ##......     36%         4    ####...


Dungeon Overview and Level Annotations

Branches:
Dungeon (4/15)
 Temple: D:4-7

Altars:
Fedhas


Innate Abilities, Weirdness & Mutations

You are resistant to torment.
Your stone body is resilient. (AC +4)
You are immune to poison.
You resist negative energy. (rN+)
You are resistant to electric shocks. (rElec)
You can survive without breathing.
You are immune to petrification.
You are immune to rotting.


Message History

You kill the adder!
b - 38 stones
Casting: Sandblast (safe; 1% risk of failure)
Confirm with . or Enter, or press ? or * to list all spells.
Aiming: Sandblast (safe; 1% risk of failure)
Press: ? - help, Shift-Dir - straight line, f - orc wizard
Aim: an orc wizard, wielding a +0 dagger and wearing a +0 robe The blast of sand hits the orc wizard.
The orc wizard is moderately wounded.
b - 37 stones The orc wizard hits you but does no damage.
Casting: Sandblast (safe; 1% risk of failure)
Confirm with . or Enter, or press ? or * to list all spells.
You don't have enough magic to cast that spell.
No previous command to re-do.
You hit the orc wizard. You burn the orc wizard.
The orc wizard is almost dead.
The orc wizard gestures at you while chanting.
The magic dart hits you!
You die...

#.##.###########.#.#
#.##.#......<.##.#)#####
#.##.#..(..<............
#.##.##.#####.##.#.#####
#.#.........#.##.#.#
#.#####.###.#....#.#
#.........#.######.#
#######†#.#........####
#.....o@.....######...#
#.#######...##.#####..#
#.# #...##.#♣..#..## #.#
#.).#.P#...##... #.#
#...#.P#....#... #.#
#...#P.'.._⌠#...
#.#######..##..#P...#...
###......##..#...#..8##...
#........##÷##...#..♣#....


You could see an orc wizard.

Vanquished Creatures
  A howler monkey (D:3)
  2 hounds
  Ijyb (D:4)
  A worker ant (D:3)
  6 gnolls (D:3)
  7 adders
  An ooze (D:3)
  5 worms
  3 leopard geckos (D:3)
  3 orcs
  6 bats
  5 giant cockroaches
  3 goblins
  5 hobgoblins
  2 jackals (D:3)
  3 kobolds
  4 quokkas
  A ball python (D:1)
  3 frilled lizards
  9 rats
71 creatures vanquished.

Vanquished Creatures (others)
  An orc (D:4)
  A plant (D:3)
2 creatures vanquished.

Grand Total: 73 creatures vanquished

Notes
Turn   | Place    | Note
-------+----------+-------------------------------------------
     0 | D:1      | CloudEater the Gargoyle Earth Elementalist began the quest
                  | for the Orb.
     0 | D:1      | Reached XP level 1. HP: 10/10 MP: 3/3
   532 | D:1      | Reached skill level 4 in Earth Magic
   532 | D:1      | Reached XP level 2. HP: 10/15 MP: 0/5
  1216 | D:2      | Reached XP level 3. HP: 8/19 MP: 2/6
  1221 | D:2      | Learned a level 3 spell: Stone Arrow
  1794 | D:2      | Reached skill level 1 in Conjurations
  1949 | D:2      | Reached XP level 4. HP: 24/24 MP: 5/8
  2145 | D:3      | Found a blossoming altar of Fedhas.
  2234 | D:3      | Reached skill level 5 in Earth Magic
  2274 | D:3      | Reached XP level 5. HP: 25/28 MP: 6/9
  2282 | D:3      | Learned a level 5 spell: Lee's Rapid Deconstruction
  3034 | D:3      | Reached XP level 6. HP: 24/32 MP: 11/11
  3076 | D:3      | Found a faded altar of an unknown god.
  3121 | D:4      | Noticed Ijyb
  3127 | D:4      | Killed Ijyb
  3143 | D:3      | Reached skill level 6 in Earth Magic
  3147 | D:3      | Killed from afar by an orc wizard

Levels and vault maps discovered:
D:1:      onia_arrival_larder, layout_basic
D:2:      layout_basic
D:3:      minmay_octagon_keep, layout_basic, chequers_ecumenical_altar_lobes,
          first_ration, fedhas_altar_4
D:4:      layout_cave_pools, uniq_ijyb

Skill      XL: |  1  2  3  4  5  6 |
---------------+-------------------+-----
Earth Magic    | 4 5 6 |  6.0
Conjurations   | 1 2 3 |  3.3
Spellcasting   | 3 4 |  4.0
Dodging        | |  1.5
Stealth        | |  2.1
Transmutations | |  0.7

Action                   |  1- 3 |  4- 6 || total
-------------------------+-------+-------++-------
Melee: Unarmed           |    63 |       ||    63
       Club              |    37 |    83 ||   120
       Broad axe         |       |    49 ||    49
 Cast: Sandblast         |    22 |    36 ||    58
       Stone Arrow       |       |     1 ||     1
  Use: Scroll            |       |    11 ||    11
       Potion            |       |     1 ||     1
 Stab: Sleeping          |     4 |       ||     4
       Distracted        |       |     1 ||     1
  Eat: Chunk             |     4 |     4 ||     8
Armor: Robe              |    42 |    63 ||   105
Dodge: Dodged            |    79 |   129 ||   208
Block: Other             |       |    46 ||    46
       Reflection        |       |     2 ||     2

Table legend:
 A = Non-vault XP
 B = Vault XP
 C = Vault XP percentage of total XP
 D = Non-vault monster count
 E = Vault monster count
 F = Vault count percentage of total count
                 A         B        C        D         E       F
            +---------+---------+-------+---------+---------+-------
      Total |     371 |     136 |  26.8 |      52 |      20 |  27.8
            +---------+---------+-------+---------+---------+-------
        D:1 |      10 |       8 |  44.4 |       7 |       6 |  46.2
        D:2 |      79 |       0 |   0.0 |      15 |       0 |   0.0
        D:3 |     232 |      93 |  28.6 |      26 |      13 |  33.3
        D:4 |      50 |      35 |  41.2 |       4 |       1 |  20.0
            +---------+---------+-------+---------+---------+-------
